Map: Xel'Naga Caverns

Players

dallaskuken - Winner!

  • Race: Protoss Protoss
  • League: Platinum
  • Spawn Location: 1:00

Myran

  • Race: Protoss Protoss
  • Spawn Location: 7:00

VOD

Have the link to the VOD?

Description

Time

  • Played on: March 11, 2017, 5:04 p.m.
  • Length: 10:20
Show
View Real Time Build Order
Export as new Build Order

dallaskuken Protoss - Winner!

Build Orders: Oracle Opening 

Get SALT Encoding   

  12  0:01  Probe (Chrono Boost)  
  13  0:12  Probe (Chrono Boost)  
  14  0:22  Pylon, Probe (Chrono Boost)  
  15  0:40  Probe (Chrono Boost)  
  16  0:45  Gateway  
  16  0:51  Probe (Chrono Boost)  
  17  0:57  Assimilator  
  17  1:01  Probe (Chrono Boost)  
  18  1:11  Pylon  
  18  1:12  Probe (Chrono Boost)  
  19  1:22  Probe (Chrono Boost)  
  19  1:24  Assimilator  
  20  1:33  Probe (Chrono Boost)  
  21  1:45  Probe (Chrono Boost)  
  22  1:53  Cybernetics Core  
  22  1:55  Gateway, Zealot  
  22  2:01  Probe (Chrono Boost)  
  25  2:06  Pylon  
  25  2:11  Probe (Chrono Boost)  
  26  2:22  Probe (Chrono Boost)  
  27  2:23  Zealot  
  29  2:34  Stargate  
  29  2:35  Warp Gate  
  29  2:39  Probe (Chrono Boost)  
  29  2:43  Stalker  
  32  2:56  Probe (Chrono Boost)  
  33  3:06  Probe (Chrono Boost)  
  33  3:07  Pylon  
  33  3:08  Pylon  
  34  3:15  Oracle  
  38  3:28  Probe (Chrono Boost)  
  38  3:43  Nexus  
  38  3:57  Probe (Chrono Boost)  
  39  4:06  Pylon  
  40  4:31  Probe (Chrono Boost)  
  40  4:35  Robotics Facility  
  40  4:43  Probe (Chrono Boost)  
  41  4:48  Pylon  
  41  4:50  Pylon  
  41  4:54  Probe (Chrono Boost)  
  42  5:01  Probe (Chrono Boost)  
  43  5:11  Probe (Chrono Boost)  
  43  5:13  Probe (Chrono Boost)  
  45  5:20  Stalker x2  
  49  5:23  Gateway  
  49  5:27  Gateway  
  49  5:29  Gateway  
  49  5:30  Probe (Chrono Boost)  
  49  5:34  Assimilator  
  50  5:39  Assimilator  
  50  5:40  Probe (Chrono Boost)  
  51  5:43  Observer  
  52  5:50  Stalker x2  
  56  6:10  Probe (Chrono Boost)  
  57  6:13  Immortal  
  61  6:20  Probe (Chrono Boost)  
  61  6:23  Robotics Bay  
  62  6:27  Stalker x2  
  62  6:28  Stalker x3  
  72  6:38  Pylon  
  72  6:40  Pylon  
  72  6:48  Twilight Council  
  72  6:49  Robotics Facility  
  72  6:52  Immortal  
  76  6:56  Sentry  
  77  7:33  Stalker x5  
  77  7:36  Colossus  
  94  7:44  Probe (Chrono Boost)  
  94  7:55  Probe (Chrono Boost)  
  95  7:59  Colossus  
  95  8:01  Extended Thermal Lance  
  96  8:06  Probe (Chrono Boost)  
  96  8:10  Nexus  
  102  8:21  Stalker x2  
  106  8:31  Pylon  
  106  8:33  Pylon  
  106  8:36  Assimilator  
  106  8:38  Assimilator  
  106  8:40  Zealot x2  
  110  8:50  Colossus  
  116  9:04  Colossus  
  122  9:24  Probe (Chrono Boost)  
  123  9:36  Probe (Chrono Boost)  
  127  9:48  Probe (Chrono Boost)  
Show
View Real Time Build Order
Export as new Build Order

Myran Protoss 

Build Orders:  

Get SALT Encoding   

  12  0:01  Probe (Chrono Boost)  
  13  0:12  Probe (Chrono Boost)  
  14  0:24  Pylon  
  14  0:25  Probe (Chrono Boost)  
  15  0:42  Probe (Chrono Boost)  
  16  0:43  Gateway  
  16  0:53  Probe (Chrono Boost)  
  16  0:54  Pylon  
  17  1:03  Probe (Chrono Boost)  
  18  1:14  Assimilator, Probe (Chrono Boost)  
  19  1:24  Probe (Chrono Boost)  
  20  1:35  Probe (Chrono Boost)  
  21  1:41  Zealot  
  21  1:42  Cybernetics Core  
  21  1:45  Pylon  
  23  1:50  Probe (Chrono Boost)  
  24  1:57  Gateway  
  24  2:02  Assimilator, Probe (Chrono Boost)  
  25  2:10  Zealot  
  25  2:13  Probe (Chrono Boost)  
  28  2:23  Probe (Chrono Boost)  
  29  2:34  Probe (Chrono Boost)  
  30  2:37  Nexus  
  30  2:41  Zealot  
  32  2:45  Stalker  
  32  2:47  Warp Gate  
  34  2:56  Probe (Chrono Boost)  
  35  3:08  Stalker  
  37  3:15  Pylon  
  37  3:22  Stalker, Robotics Facility  
  39  3:33  Probe (Chrono Boost)  
  40  3:38  Pylon  
  40  3:40  Stalker  
  40  3:41  Assimilator  
  42  4:02  Stalker  
  42  4:05  Immortal  
  42  4:06  Probe (Chrono Boost)  
  50  4:17  Probe (Chrono Boost)  
  43  4:29  Probe (Chrono Boost)  
  44  4:40  Stalker  
  44  4:41  Probe (Chrono Boost)  
  44  4:45  Immortal  
  51  4:56  Forge  
  51  5:01  Pylon  
  51  5:12  Probe (Chrono Boost)  
  52  5:17  Stalker  
  54  5:21  Observer  
  54  5:24  Probe (Chrono Boost)  
  56  5:30  Photon Cannon  
  57  5:36  Probe (Chrono Boost)  
  57  5:38  Assimilator  
  57  5:45  Photon Cannon  
  57  5:48  Probe (Chrono Boost)  
  58  5:55  Stalker x2  
  59  6:22  Gateway  
  59  6:24  Probe (Chrono Boost)  
  60  6:34  Photon Cannon  
  60  6:35  Probe (Chrono Boost)  
  60  6:37  Pylon  
  60  6:38  Stalker  
  63  6:41  Zealot  
  63  6:45  Probe (Chrono Boost)  
  63  6:46  Probe (Chrono Boost)  
  67  6:56  Probe (Chrono Boost)  
  67  6:57  Probe (Chrono Boost)  
  69  7:06  Probe (Chrono Boost)  
  69  7:07  Stalker  
  69  7:08  Stalker  
  71  7:35  Stalker x2  
  75  7:41  Probe (Chrono Boost)  
  76  7:45  Protoss Shields Level 1  
  76  7:47  Stargate  
  76  7:51  Twilight Council, Probe (Chrono Boost)  
  76  7:56  Immortal  
  81  8:03  Probe (Chrono Boost)  
  82  8:09  Probe (Chrono Boost)  
  83  8:15  Probe (Chrono Boost)  
  83  8:16  Photon Cannon  
  83  8:19  Probe (Chrono Boost)  
  85  8:25  Pylon  
  86  8:27  Probe (Chrono Boost)  
  86  8:28  Pylon  
  86  8:43  Probe (Chrono Boost), Immortal  
  91  8:54  Probe x2 (Chrono Boost)  
  93  8:59  Phoenix  
  95  9:05  Probe (Chrono Boost)  
  95  9:06  Probe (Chrono Boost)  
  97  9:23  Phoenix  
  99  9:25  Nexus  
  85  9:57  Stalker x2  
  85  9:58  Stalker  
Tags
 
League
Platinum
Matchup
PvP
Spawn Locations
Cross Positions
Add a new tag
Caveats
  • Supply blocks, unpowered buildings, or Contaminate may cause inaccurate times.
  • Supply counts are checked every 10 seconds.